 Seeded DCSS version 0.29-a0-360-g8ed1089bbe (webtiles) character file.

Game seed: 3202661867537766148 (custom seed)

191 zeratav the Shooter (level 5, -1/30 HPs)
             Began as a Tengu Hunter on Apr 28, 2022.
             Slain by a crimson imp
             ... wielding a +0 dagger of chaos
              (3 damage)
             ... on level 3 of the Dungeon.
             The game lasted 00:03:16 (2465 turns).

zeratav the Shooter (Tengu Hunter)                  Turns: 2465, Time: 00:03:17

Health: -1/30      AC:  3    Str: 11    XL:     5   Next: 70%
Magic:  6/6        EV: 14    Int: 10    God:
Gold:   124        SH:  0    Dex: 19    Spells: 4/4 levels left

rFire   . . .      SeeInvis .   f - +5 longbow (flame) {bow}
rCold   . . .      Faith    .   (shield currently unavailable)
rNeg    . . .      Spirit   .   b - +0 leather armour
rPois   .          Reflect  .   (helmet restricted)
rElec   .          Harm     .   (no cloak)
rCorr   .          Rampage  .   (no gloves)
Will    .....                   (boots unavailable)
Stlth   ++........              (no amulet)
HPRegen 0.10/turn               (no ring)
MPRegen 0.10/turn               (no ring)

@: flying quickly and evasively, quick
A: beak, talons 3, nimble flight
a: no special abilities


You were on level 3 of the Dungeon.
You visited 1 branch of the dungeon, and saw 3 of its levels.

You collected 124 gold pieces.


Innate Abilities, Weirdness & Mutations

You have a beak for a mouth.
You have claws for feet.
Your magical nature lets you fly swiftly and evasively.


   Skills:
 - Level 2.0 Fighting
 + Level 7.4 Bows
 - Level 2.1 Dodging
 - Level 1.0 Stealth


You had 4 spell levels left.
You didn't know any spells.
Your spell library contained the following spells:

 Spells                   Type           Power      Damage    Failure   Level
 Gell's Gravitas          Tloc           0%         N/A       83%         3
 Teleport Other           Tloc           0%         N/A       83%         3
 Dispersal                Tloc           0%         N/A       100%        6

Inventory:

Hand Weapons
 a - a +1 shortbow {bow}
 f - a +5 longbow of flaming (weapon) {bow}
   (You acquired it on level 1 of the Dungeon)
Armour
 b - a +0 leather armour (worn)
 i - a +0 chain mail
   (You found it on level 1 of the Dungeon)
 n - a +0 animal skin
   (You took it off Robin on level 2 of the Dungeon)
 r - a +0 leather armour
   (You found it on level 2 of the Dungeon)
 s - a +0 leather armour
   (You found it on level 2 of the Dungeon)
 t - a +0 leather armour
   (You found it on level 3 of the Dungeon)
 v - a +0 cloak
   (You found it on level 3 of the Dungeon)
Scrolls
 c - a scroll of immolation {!r!r}
 d - 3 scrolls of identify {unknown}
 e - 2 scrolls of teleportation {unknown}
 j - a scroll of enchant weapon {unknown}
 l - 3 scrolls of magic mapping {unknown}
 o - 3 scrolls of amnesia {unknown}
 p - a scroll of silence {unknown}
Potions
 g - 3 potions of might {unknown}
 h - a potion of brilliance {unknown}
 k - a potion of curing {unknown}
 m - a potion of haste {unknown}
 q - 3 potions of resistance {unknown}
 u - a potion of invisibility {unknown}

Dungeon Overview and Level Annotations

Branches:
Dungeon (3/15)

Altars:
Kikubaaqudgha
Makhleb
Xom

####..............#########..#
......#(####...........####..####
...†.............#. #.......#...
....#.........##.# #####.......
..............##.# ###......
#................ #...##<..
#.###....<...####+#######.####...
#. #........#.....^.#.....# #...
. #.........###@5.###.....# #...
...#.......#.^...^.#.....# ####
..##############'####.....# ..
#.##.).....# #..........#
####..<....# #########


You could see a crimson imp.


Message History

The crimson imp blinks!
The teleport trap disappears.
The crimson imp disappears!
The crimson imp blinks!
You blink.
The crimson imp blinks!
The crimson imp moves out of view.
You hear a shout!
Unknown command.
Unknown command.
You shoot an arrow.
The arrow closely misses the crimson imp.
You shoot an arrow. The arrow hits the crimson imp!!
You kill the crimson imp!
The crimson imp enters a dispersal trap!
You blink.
The crimson imp blinks!
Your Bows skill increases to level 7!
You shoot an arrow. The arrow hits the crimson imp.
You shoot an arrow. The arrow misses the crimson imp.
The crimson imp blinks!
The crimson imp enters a dispersal trap!
You blink.
The crimson imp blinks! x2
The crimson imp enters a dispersal trap!
The crimson imp blinks!
You blink.
The crimson imp blinks!
Unknown command.
You shoot an arrow. The arrow misses the crimson imp.
You shoot an arrow. The arrow hits the crimson imp.
The crimson imp hits you with a +0 dagger of chaos.
The crimson imp freezes you.
The crimson imp hits you with a +0 dagger of chaos.
HP[-8]
You take 8 damage, and now have 22/30 hp.
MASSIVE DAMAGE!! (PAUSE)
You are too injured to fight recklessly!
You are too injured to fight recklessly!
Unknown command.
Shoot: f) +5 longbow (flame) {bow}
Press: ? - help, Shift-Dir - straight line, f/p - crimson imp
Aim: a crimson imp, wielding a +0 dagger of chaos (moderately wounded, 57% to hit)
You shoot an arrow. The arrow misses the crimson imp.
The crimson imp blinks!
The crimson imp enters a dispersal trap!
The crimson imp blinks!
You blink.
The crimson imp blinks!
HP[+1] Shoot: f) +5 longbow (flame) {bow}
Press: ? - help, Shift-Dir - straight line, f/p - crimson imp
Aim: a crimson imp, wielding a +0 dagger of chaos (lightly wounded, 57% to hit)
You shoot an arrow. The arrow hits the crimson imp.
The crimson imp blinks!
Shoot: f) +5 longbow (flame) {bow}
Press: ? - help, Shift-Dir - straight line, f/p - crimson imp
Aim: a crimson imp, wielding a +0 dagger of chaos (moderately wounded, 57% to hit)
You shoot an arrow. The arrow hits the crimson imp!!
You kill the crimson imp!
The crimson imp blinks!
Shoot: f) +5 longbow (flame) {bow}
Press: ? - help, Shift-Dir - straight line, f/p - crimson imp
Aim: a crimson imp, wielding a +0 dagger of chaos (moderately wounded, 57% to hit)
You shoot an arrow.
The arrow closely misses the crimson imp.
The crimson imp blinks!
The crimson imp picks up a beetle and eats it.
The crimson imp enters a dispersal trap!
You blink.
The crimson imp blinks!
Shoot: f) +5 longbow (flame) {bow}
Press: ? - help, Shift-Dir - straight line, f/p - crimson imp
Aim: a crimson imp, wielding a +0 dagger of chaos (lightly wounded, 57% to hit)
You shoot an arrow. The arrow hits the crimson imp.
The crimson imp hits you but does no damage.
You are electrocuted!
Ouch! That really hurt!
* * * LOW HITPOINT WARNING * * *
HP[-17]
You take 17 damage, and now have 6/30 hp.
MASSIVE DAMAGE!! (PAUSE) Shoot: f) +5 longbow (flame) {bow}
Press: ? - help, Shift-Dir - straight line, f/p - crimson imp
Aim: a crimson imp, wielding a +0 dagger of chaos (lightly wounded, 57% to hit)
You shoot an arrow.
The arrow barely misses the crimson imp.
The crimson imp blinks!
Shoot: f) +5 longbow (flame) {bow}
Press: ? - help, Shift-Dir - straight line, f/p - crimson imp
Aim: a crimson imp, wielding a +0 dagger of chaos (57% to hit)
You shoot an arrow.
The arrow barely misses the crimson imp.
The crimson imp hits you with a +0 dagger of chaos.
* * * LOW HITPOINT WARNING * * *
HP[-2]
You take 2 damage, and now have 4/30 hp.
Shoot: f) +5 longbow (flame) {bow}
Press: ? - help, Shift-Dir - straight line, f/p - crimson imp
Aim: a crimson imp, wielding a +0 dagger of chaos (57% to hit)
You shoot an arrow.
The arrow barely misses the crimson imp.
The crimson imp hits you with a +0 dagger of chaos.
* * * LOW HITPOINT WARNING * * *
The crimson imp hits you with a +0 dagger of chaos.
You die...

Skill      XL: |  1  2  3  4  5 |
---------------+----------------+-----
Bows           | 5 6 7 |  7.4
Fighting       | |  2.0
Dodging        | |  2.1
Stealth        | |  1.0

Action                   |  1- 3 |  4- 6 || total
-------------------------+-------+-------++-------
 Fire: Longbow           |    57 |    53 ||   110
       Shortbow          |     4 |       ||     4
  Use: Scroll            |     1 |       ||     1
Armor: Leather armour    |     3 |     6 ||     9
Dodge: Dodged            |    11 |     8 ||    19

Levels and vault maps discovered:
D:1:      minmay_arrival_jagged, layout_basic, minmay_tetromino_i2
D:2:      layout_basic, basic_altar, uniq_robin
D:3:      layout_rooms, led_xom_imps, nicolae_kikubaaqudgha_miasma_corner,
          hellmonk_ecumenical_altar_inner_sanctum, kennysheep_nub, uniq_sigmund

Notes
Turn   | Place    | Note
-------+----------+-------------------------------------------
     0 | D:1      | zeratav the Tengu Hunter began the quest for the Orb.
     0 | D:1      | Reached XP level 1. HP: 12/12 MP: 2/2
     0 | D:1      | magus.rc [v1.9.6]
   110 | D:1      | Identified a scroll of acquirement
   110 | D:1      | Acquired a +5 longbow of flaming
   121 | D:1      | Reached XP level 2. HP: 17/17 MP: 3/3
   291 | D:1      | Reached skill level 5 in Bows
   550 | D:1      | You add the spells Gell's Gravitas, Teleport Other and
                  | Dispersal to your library.
   567 | D:1      | Reached XP level 3. HP: 21/21 MP: 4/4
  1329 | D:2      | Found a burning altar of Makhleb.
  1475 | D:2      | Reached skill level 6 in Bows
  1479 | D:2      | Reached XP level 4. HP: 26/26 MP: 5/5
  1485 | D:2      | Noticed Robin
  1490 | D:2      | HP: 6/26 [goblin/+0 dagger[Robin] (5)]
  1493 | D:2      | Killed Robin
  2283 | D:3      | Gained mutation: Your magical nature lets you fly swiftly
                  | and evasively. [Tengu growth]
  2283 | D:3      | Reached XP level 5. HP: 30/30 MP: 6/6
  2346 | D:3      | Found an ancient bone altar of Kikubaaqudgha.
  2450 | D:3      | Found a shimmering altar of Xom.
  2454 | D:3      | Reached skill level 7 in Bows
  2462 | D:3      | HP: 6/30 [crimson imp/+0 dagger of chaos (17)]
  2465 | D:3      | HP: 2/30 [crimson imp/+0 dagger of chaos (2)]
  2465 | D:3      | Slain by a crimson imp

Vanquished Creatures
  2 crimson imps (D:3)
  Robin (D:2)
  3 adders
  2 dart slugs
  4 orcs (D:2)
  4 endoplasms
  3 giant cockroaches (D:1)
  17 goblins
  7 hobgoblins
  3 jackals (D:1)
  2 kobolds (D:2)
  4 quokkas
  5 ball pythons
  5 bats
  A frilled lizard (D:1)
  5 rats
68 creatures vanquished.

Table legend:
 A = Non-vault XP
 B = Vault XP
 C = Vault XP percentage of total XP
 D = Non-vault monster count
 E = Vault monster count
 F = Vault count percentage of total count
                 A         B        C        D         E       F
            +---------+---------+-------+---------+---------+-------
      Total |     136 |     137 |  50.2 |      53 |      15 |  22.1
            +---------+---------+-------+---------+---------+-------
        D:1 |      44 |       2 |   4.3 |      24 |       2 |   7.7
        D:2 |      69 |      35 |  33.7 |      22 |      11 |  33.3
        D:3 |      23 |     100 |  81.3 |       7 |       2 |  22.2
            +---------+---------+-------+---------+---------+-------

Illustrated notes

Table legend:
 A = Kills in this place as a percentage of kills in entire the game.
 B = Kills by you in this place as a percentage of kills by you in the entire game.
 C = Kills by friends in this place as a percentage of kills by friends in the entire game.
 D = Other kills in this place as a percentage of other kills in the entire game.
 E = Experience gained in this place as a percentage of experience gained in the entire game.
 F = Experience gained in this place divided by the number of levels of this place that you have seen.
                   A       B       C       D       E      F
               +-------+-------+-------+-------+-------+----------------------
         Total | 100.0 | 100.0 |   N/A |   N/A | 100.0 |  91.0
       Dungeon | 100.0 | 100.0 |   N/A |   N/A | 100.0 |  91.0
               +-------+-------+-------+-------+-------+----------------------

Table legend: (Time is in decaauts)
 A = Elapsed time spent in this place.
 B = Non-inter-level travel time spent in this place.
 C = Inter-level travel time spent in this place.
 D = Time resting spent in this place.
 E = Time spent auto-exploring this place.
 F = Levels seen in this place.
 G = Mean time per level.
                   A        B        C        D        E       F      G
               +--------+--------+--------+--------+--------+-----+--------+
         Total |   2510 |   2398 |    112 |    270 |   1849 |   3 |  836.7 |
       Dungeon |   2510 |   2398 |    112 |    270 |   1849 |   3 |  836.7 |
               +--------+--------+--------+--------+--------+-----+--------+

Top non-repeatable levels by time:
     D:1: 1284 daAuts
     D:2: 1020 daAuts
     D:3: 205 daAuts
